[Event "110th Anniversary Open 2020"]
[Site "Hilleroed"]
[Date "2020.02.09"]
[Round "2.2"]
[White "Andersen, Soren Bull"]
[Black "Gukesh D"]
[Result "0-1"]
[ECO "E70"]
[WhiteElo "2100"]
[BlackElo "2542"]
[Annotator "ChessBase"]
[PlyCount "54"]
[EventDate "2020.02.08"]
[EventType "swiss"]
[EventCountry "DEN"]
[SourceTitle "playchess.com"]
[Source "ChessBase"]
[SourceQuality "1"]
[TimeControl "40/5400+30:1800+30"]

1. d4 Nf6 2. c4 g6 3. Nc3 Bg7 4. e4 d6 5. Bg5 h6 6. Bh4 Nbd7 7. f4 Nh5 8. f5 c5 9. Bf2 cxd4 10. Bxd4 Ne5 11. g4 Nf4 12. Be3 g5 13. Bxf4 gxf4 14. Be2 Bd7 15. Qd2 Rc8 16. Qxf4 Nxc4 17. Bxc4 Rxc4 18. Nge2 Qb6 19. Qd2 Bc6 20. Rc1 Bxe4 21. Nxe4 Rxe4 22. Qd5 Re5 23. Qd2 O-O 24. Rf1 Re4 25. g5 hxg5 26. Qxg5 Qxb2 27. Qd2 Qxd2+ 0-1

[Event "110th Anniversary Open 2020"]
[Site "Hilleroed"]
[Date "2020.02.09"]
[Round "2.3"]
[White "Brondal, Paul"]
[Black "Stanford, Maxim Barth"]
[Result "0-1"]
[ECO "B33"]
[WhiteElo "2074"]
[BlackElo "2339"]
[Annotator "NA"]
[PlyCount "102"]
[EventDate "2020.02.08"]
[EventType "swiss"]
[EventCountry "DEN"]
[SourceTitle "playchess.com"]
[Source "ChessBase"]
[SourceQuality "1"]
[TimeControl "40/5400+30:1800+30"]

1. e4 c5 2. Nf3 Nc6 3. d4 cxd4 4. Nxd4 Nf6 5. Nc3 e5 6. Ndb5 d6 7. Bg5 a6 8. Na3 b5 9. Nd5 (9. Bxf6 $5 gxf6 10. Nd5 $11) 9... Be7 10. Bxf6 Bxf6 11. c3 O-O 12. Nc2 Rb8 13. Be2 Bg5 14. O-O a5 15. Bg4 {[%emt 0:10:14] B33: Sicilian: Pelikan and Sveshnikov Variations} Be6 16. g3 Qd7 17. Nce3 {[%emt 0:02:52] [#]} Bxe3 $146 ({Predecessor:} 17... Ne7 18. Nxe7+ Bxe7 19. Be2 f5 20. exf5 Bxf5 21. Nxf5 Qxf5 22. Qd5+ Qf7 23. Rad1 Qxd5 24. Rxd5 {1-0 (42) Prianikov,S-Brekhov,D Saratov 2007}) 18. Nxe3 b4 19. Bxe6 fxe6 20. Qd2 bxc3 21. bxc3 Rfd8 22. Rab1 Rxb1 23. Rxb1 d5 24. Qd3 d4 25. Nc4 Qc7 26. Rb5 dxc3 27. Qxc3 Nd4 28. Qxa5 Nxb5 29. Qxb5 Rb8 30. Qa6 Kf7 31. Kg2 Rb4 32. Nd6+ Kg6 33. Nf5 Qc4 34. Nh4+ Kh5 35. Qa7 Qxe4+ 36. Nf3 $19 Rb7 37. Qa8 Kh6 38. Qd8 Qf5 39. Qd2+ g5 40. h4 Kg7 41. hxg5 Rf7 42. Qe3 e4 43. Qd4+ Kg8 44. Ne5 Rf8 45. Nd7 e3 46. Nxf8 Qxf2+ 47. Kh3 Qf5+ 48. Kg2 e2 49. Nxe6 e1=N+ 50. Kh1 Qf3+ 51. Kh2 Qg2# 0-1

[Event "110th Anniversary Open 2020"]
[Site "Hilleroed"]
[Date "2020.02.09"]
[Round "2.4"]
[White "Sylvan, Jacob"]
[Black "Wu, Sibo"]
[Result "1-0"]
[ECO "A11"]
[WhiteElo "2335"]
[BlackElo "2060"]
[Annotator "NA"]
[PlyCount "99"]
[EventDate "2020.02.08"]
[EventType "swiss"]
[EventCountry "DEN"]
[SourceTitle "playchess.com"]
[Source "ChessBase"]
[SourceQuality "1"]
[TimeControl "40/5400+30:1800+30"]

1. c4 c6 2. g3 d5 3. Bg2 Nf6 4. Nf3 Bf5 5. Qb3 Qb6 6. d3 e6 7. Nc3 Nbd7 8. O-O Nc5 9. Qxb6 axb6 10. Nd4 Bg6 11. cxd5 Nxd5 12. Nxd5 exd5 13. f4 Ra4 14. Be3 Bd6 15. b3 Ra7 16. Rfc1 O-O 17. b4 Nd7 18. Bxd5 $14 Bxb4 19. Bf3 f6 20. Bf2 Bf7 21. Bg4 Nc5 22. Rab1 Ba3 23. Rc2 Ra6 24. Nb3 Nxb3 25. axb3 Bb4 26. e4 Re8 27. Bf3 Rea8 28. Re2 Ra1 29. Rxa1 Rxa1+ 30. Kg2 Bxb3 31. Bxb6 Ra2 32. Rxa2 Bxa2 33. Kf2 Kf7 34. d4 Be6 35. f5 Bd7 36. g4 g6 37. Ke3 Bd6 38. h3 Bc8 39. Bd1 Kg7 40. Bb3 Kf8 41. Kf3 Bd7 42. fxg6 hxg6 43. h4 f5 44. exf5 gxf5 45. g5 Kg7 46. Bc5 Bc7 47. Be7 Kg6 48. h5+ Kh7 49. Bf7 c5 50. Bf8 1-0

[Event "110th Anniversary Open 2020"]
[Site "Hilleroed"]
[Date "2020.02.09"]
[Round "2.5"]
[White "Schultz-Pedersen, Jesper"]
[Black "Nilssen, John Arni"]
[Result "1/2-1/2"]
[ECO "B20"]
[WhiteElo "2058"]
[BlackElo "2333"]
[Annotator "ChessBase"]
[PlyCount "179"]
[EventDate "2020.02.08"]
[EventType "swiss"]
[EventCountry "DEN"]
[SourceTitle "playchess.com"]
[Source "ChessBase"]
[SourceQuality "1"]
[TimeControl "40/5400+30:1800+30"]

1. e4 c5 2. b4 cxb4 3. a3 d5 4. exd5 Qxd5 5. Nf3 e5 6. Bb2 Nc6 7. c4 Qe6 8. Bd3 Bd6 9. O-O Nf6 10. Re1 O-O 11. axb4 Nxb4 12. Bf1 e4 13. d3 Nc6 14. Nbd2 Bb4 15. Bxf6 Qxf6 16. Nxe4 Qd8 17. Re3 Bg4 18. h3 Bxf3 19. Rxf3 f5 20. Ng3 Nd4 21. Rb1 a5 22. c5 Nxf3+ 23. Qxf3 Rb8 24. Qf4 Qd5 25. d4 Rbd8 26. Ne2 Kh8 27. Qh4 Rfe8 28. Nf4 Qf7 29. Bb5 Rf8 30. d5 Bxc5 31. Ne6 Rxd5 32. Nxf8 Qxf8 33. Re1 Rd8 34. g4 fxg4 35. hxg4 g5 36. Qg3 Qf6 37. Re8+ Rxe8 38. Bxe8 Qd4 39. Bb5 Bd6 40. Qf3 b6 41. Bd3 Qf4 42. Qa8+ Kg7 43. Qb7+ Bc7 44. Qc8 Qf7 45. Qa8 Qe6 46. Bf5 Qd6 47. Qe8 Bd8 48. Be6 Qe7 49. Qg8+ Kf6 50. Bf5 Ke5 51. Bxh7 Qd7 52. Bf5 Qd1+ 53. Kh2 Qd6 54. Qe8+ Kd4+ 55. Kg1 Kc5 56. Qe3+ Qd4 57. Qa3+ Kc6 58. Qf3+ Kd6 59. Qg3+ Kd5 60. Qb3+ Kc6 61. Qf3+ Kb5 62. Qb3+ Kc6 63. Qf3+ Kc7 64. Qa8 Bf6 65. Qc8+ Kd6 66. Qf8+ Kd5 67. Qa3 Qc3 68. Qa4 Bd4 69. Qd7+ Kc4 70. Be6+ Kd3 71. Qb5+ Kc2 72. Bf5+ Kd2 73. Kg2 Bc5 74. Qa4 Kc1 75. Qb5 Kd2 76. Qa4 Ba3 77. Qe4 Bb4 78. Kf1 Qc1+ 79. Kg2 Qc3 80. Kf1 Qc1+ 81. Kg2 Kc3 82. Qd3+ Kb2 83. Qd4+ Qc3 84. Qxb6 a4 85. Qa6 a3 86. Qe2+ Qd2 87. Qe5+ Qc3 88. Qe2+ Qd2 89. Qe5+ Qc3 90. Qe2+ 1/2-1/2

[Event "110th Anniversary Open 2020"]
[Site "Hilleroed"]
[Date "2020.02.09"]
[Round "2.6"]
[White "Lohia, Sohum"]
[Black "Jacobsen, Mikkel Manosri"]
[Result "0-1"]
[ECO "B29"]
[WhiteElo "2025"]
[BlackElo "2315"]
[Annotator "NA"]
[PlyCount "82"]
[EventDate "2020.02.08"]
[EventType "swiss"]
[EventCountry "DEN"]
[SourceTitle "playchess.com"]
[Source "ChessBase"]
[SourceQuality "1"]
[TimeControl "40/5400+30:1800+30"]

1. e4 c5 2. Nf3 Nf6 3. Nc3 d5 4. exd5 Nxd5 5. Bb5+ Bd7 6. Ne5 Nf6 {[%emt 0:00:00] B29: Sicilian: 2 Nf3 Nf6 (Nimzowitsch Variation).} 7. Qf3 Qc8 {[%emt 0:00:03] 7...Qc7 is not played anymore.} 8. Nxd7 {[%emt 0:01:41] 8.a4 gains popularity.} Nbxd7 9. O-O a6 10. Bxd7+ Qxd7 11. d3 e6 12. Bf4 Be7 {[%emt 0:02:20] [#]} 13. a4 $146 ({Predecessor:} 13. Rfe1 O-O 14. a4 Rac8 15. Be5 Ne8 16. Qe4 Bf6 17. Rad1 Bxe5 18. Qxe5 Qd4 19. Re4 Qxe5 20. Rxe5 {0-1 (49) Rasmussen,L (1961)-Bach,M (2200) Helsingor 2017}) 13... Rc8 14. Rad1 h5 15. h3 b5 16. axb5 axb5 17. Ne4 Nd5 18. Be5 f6 19. Bh2 e5 20. Ng3 ({White should play} 20. c3 $16) 20... g6 $11 21. c4 Nb4 22. Ne4 Qe6 23. Qg3 g5 24. h4 gxh4 25. Qxh4 Rd8 26. Qg3 Rg8 27. Qf3 Qg4 28. Qxg4 hxg4 29. f4 f5 30. Ng3 exf4 31. Rxf4 Nxd3 32. Rxf5 bxc4 33. Ne4 Rd4 34. Ng3 Nxb2 35. Re1 Nd3 36. Re3 c3 37. Ne2 c2 38. Rf1 Nb4 39. Nc1 Rd1 40. Ree1 Rxe1 41. Rxe1 g3 0-1

[Event "110th Anniversary Open 2020"]
[Site "Hilleroed"]
[Date "2020.02.09"]
[Round "2.7"]
[White "Siva Mahadevan"]
[Black "Alquist, Erik"]
[Result "1-0"]
[ECO "B49"]
[WhiteElo "2310"]
[BlackElo "2013"]
[Annotator "ChessBase"]
[PlyCount "61"]
[EventDate "2020.02.08"]
[EventType "swiss"]
[EventCountry "DEN"]
[SourceTitle "playchess.com"]
[Source "ChessBase"]
[SourceQuality "1"]
[TimeControl "40/5400+30:1800+30"]

1. e4 c5 2. Nf3 e6 3. d4 cxd4 4. Nxd4 Nc6 5. Nc3 Qc7 6. Be2 a6 7. O-O Nf6 8. Be3 Bb4 9. Na4 Be7 10. c4 Nxe4 11. c5 O-O 12. Rc1 Rb8 13. Bf3 Nf6 14. Re1 Rd8 15. g3 e5 16. Nf5 d5 17. cxd6 Bxd6 18. Nxd6 Qxd6 19. Bb6 Qxd1 20. Bxd1 Rd7 21. Bb3 Nd4 22. Kg2 Nb5 23. Rxe5 Rd2 24. Be3 Rd8 25. Bf4 Bd7 26. Re7 Rbc8 27. Rxf7 Kh8 28. Rxc8 Rxc8 29. Be5 Bc6+ 30. f3 Rd8 31. Rxf6 1-0

[Event "110th Anniversary Open 2020"]
[Site "Hilleroed"]
[Date "2020.02.09"]
[Round "2.8"]
[White "Sorensen, Esben Lauge"]
[Black "Larsen, Karsten"]
[Result "0-1"]
[ECO "D35"]
[WhiteElo "1943"]
[BlackElo "2235"]
[Annotator "ChessBase"]
[PlyCount "41"]
[EventDate "2020.02.08"]
[EventType "swiss"]
[EventCountry "DEN"]
[SourceTitle "playchess.com"]
[Source "ChessBase"]
[SourceQuality "1"]
[TimeControl "40/5400+30:1800+30"]

1. d4 d5 2. c4 e6 3. Nc3 Nf6 4. cxd5 exd5 5. Bg5 Bb4 6. e3 O-O 7. Bd3 h6 8. Bh4 c6 9. Nge2 a5 10. O-O Re8 11. Qc2 Na6 12. a3 Bd6 13. Rae1 Bxh2+ 14. Kxh2 Ng4+ 15. Kg3 g5 16. Bf5 gxh4+ 17. Kh3 Qg5 18. Bxc8 Raxc8 19. Ng1 Nxe3 20. Rxe3 Rxe3+ 21. Nf3 0-1

[Event "110th Anniversary Open 2020"]
[Site "Hilleroed"]
[Date "2020.02.09"]
[Round "2.9"]
[White "Ostergaard, Jens"]
[Black "Kvendseth, Thyra"]
[Result "*"]
[ECO "B31"]
[WhiteElo "2229"]
[BlackElo "1889"]
[Annotator "ChessBase"]
[PlyCount "52"]
[EventDate "2020.02.08"]
[EventType "swiss"]
[EventCountry "DEN"]
[SourceTitle "playchess.com"]
[Source "ChessBase"]
[SourceQuality "1"]
[TimeControl "40/5400+30:1800+30"]

1. e4 c5 2. Nf3 Nc6 3. Bb5 g6 4. Bxc6 dxc6 5. Nc3 Bg7 6. O-O Nf6 7. d3 Nd7 8. Be3 e5 9. Qc1 h6 10. Ne2 f5 11. Bd2 f4 12. Bc3 Qe7 13. b3 g5 14. Qd2 g4 15. Ne1 Nf8 16. f3 h5 17. Bb2 Ng6 18. c3 Be6 19. d4 O-O-O 20. Nc2 Nh4 21. Ne1 Rhg8 22. Kh1 Bh8 23. Rg1 g3 24. hxg3 fxg3 25. Qe3 Nf5 26. exf5 Qh4# *

[Event "110th Anniversary Open 2020"]
[Site "Hilleroed"]
[Date "2020.02.09"]
[Round "2.10"]
[White "Torben Winther Jensen"]
[Black "Jorgensen, Dennis"]
[Result "0-1"]
[ECO "D05"]
[WhiteElo "1734"]
[BlackElo "2154"]
[Annotator "ChessBase"]
[PlyCount "70"]
[EventDate "2020.02.08"]
[EventType "swiss"]
[EventCountry "DEN"]
[SourceTitle "playchess.com"]
[Source "ChessBase"]
[SourceQuality "1"]
[TimeControl "40/5400+30:1800+30"]

1. d4 Nf6 2. Nf3 e6 3. e3 b6 4. Bd3 Bb7 5. Nbd2 d5 6. c3 Nbd7 7. Qe2 Bd6 8. a4 a6 9. e4 dxe4 10. Nxe4 Nxe4 11. Bxe4 Bxe4 12. Qxe4 O-O 13. O-O Re8 14. Bd2 Qf6 15. Bg5 Qg6 16. Qxg6 hxg6 17. Rfe1 f6 18. Bd2 e5 19. dxe5 Nxe5 20. Nxe5 Bxe5 21. f4 Rad8 22. Be3 Bd6 23. g3 Rxe3 24. Rxe3 Bc5 25. Rae1 Rd2 26. b4 Bxe3+ 27. Rxe3 Kf7 28. h4 Ra2 29. Re4 Rxa4 30. Rd4 Ke6 31. g4 c5 32. f5+ gxf5 33. gxf5+ Kxf5 34. Rd7 cxb4 35. Rxg7 b3 0-1

[Event "110th Anniversary Open 2020"]
[Site "Hilleroed"]
[Date "2020.02.09"]
[Round "2.11"]
[White "Lilja, Richard"]
[Black "Strachan, Christian C."]
[Result "1-0"]
[ECO "A08"]
[WhiteElo "2123"]
[BlackElo "1773"]
[Annotator "NA"]
[PlyCount "73"]
[EventDate "2020.02.08"]
[EventType "swiss"]
[EventCountry "DEN"]
[SourceTitle "playchess.com"]
[Source "ChessBase"]
[SourceQuality "1"]
[TimeControl "40/5400+30:1800+30"]

1. e4 e6 2. d3 d5 3. Nd2 c5 4. Ngf3 Nc6 5. g3 g6 6. Bg2 Bg7 7. O-O Nge7 8. exd5 $11 exd5 9. Nb3 b6 10. d4 c4 11. Nbd2 O-O 12. Re1 Bg4 13. h3 Be6 14. Nf1 Rc8 15. c3 Qd7 16. Kh2 f6 17. b3 Rfe8 18. bxc4 dxc4 19. Ne3 Nd5 20. Nxd5 Bxd5 21. Be3 Ne7 22. h4 Qc6 23. Rg1 Nf5 24. Bf4 Bh6 25. Bxh6 Nxh6 26. Ne1 Rc7 27. Bxd5+ Qxd5 28. Ng2 Nf5 29. Nf4 Qd6 30. Qg4 Nh6 31. Qf3 Kg7 32. d5 Rf7 33. Rge1 Re5 34. Rad1 Qd7 35. Ne6+ Kg8 36. Qf4 b5 37. Qxh6 1-0